AoeStats
← rosssmith95

Golden Pit

510137093Analyzed
1v1 RM · 3d ago on Sep 29, 2026· 37m 25s· 2 players
Game mode
Random Map
Map size
Tiny (2 player)
Population
200
Speed
Normal
Resources
Standard
Victory
Conquest
Starting age
Dark Age
Ending age
Imperial Age
RankedLock teamsTeams togetherTeam positionsShared explorationLock speedFull tech treeHidden civsTurbo modeCheats
Victory
Defeat
🇩🇪 Gurjaras · Germany
1149
+15
🇨🇦 Spanish · Canada
1126
-15
rosssmith95
5:20 Loom
11:46 Feudal Age
13:03 Double-Bit Axe
19:42 Castle Age
18:03 Stone Mining
18:03 Gold Mining
17:56 Horse Collar
20:04 Bloodlines
20:02 Scale Barding Armor
36:47 Redemption
Bayaz
0:28 Loom
10:56 Feudal Age
18:56 Castle Age
17:02 Double-Bit Axe
17:27 Horse Collar
21:28 Scale Barding Armor
24:33 Forging
24:57 Husbandry
26:32 Bloodlines
27:29 Chain Barding Armor
30:44 Wheelbarrow
31:11 Fletching
36:37 Imperial Age
Connection lost

Rejoining the realm…

Still unreachable

The connection could not be restored.

Session expired

The server has moved on; the page needs a fresh start.